 Dungeon Crawl Stone Soup version 0.28.0-45-g0d030f2227 (webtiles) character file.

Game seed: 827597314396136173

474 morgulsword the Chopper (level 7, -5/63 HPs)
             Began as a Hill Orc Monk on Apr 14, 2022.
             Succumbed to a gnoll's poison
             ... on level 5 of the Dungeon.
             The game lasted 00:28:20 (4979 turns).

morgulsword the Chopper (Hill Orc Monk)             Turns: 4979, Time: 00:28:21

Health: -5/63      AC: 11    Str: 16    XL:     7   Next: 10%
Magic:  0/7        EV:  7    Int: 10    God:
Gold:   233        SH:  0    Dex: 13    Spells: 6/6 levels left

rFire   . . .      SeeInvis +   n - +0 war axe
rCold   . . .      Faith    .   (no shield)
rNeg    . . .      Spirit   +   k - +0 chain mail
rPois   .          Reflect  .   q - +0 helmet
rElec   .          Harm     .   (no cloak)
rCorr   .          Rampage  .   u - +0 pair of gloves
Will    .....                   (no boots)
Stlth   ..........              f - amulet of guardian spirit
HPRegen 0.20/turn               r - ring of see invisible
MPRegen 0.10/turn               (no ring)

@: lethally poisoned (-5 -> -29)
A: no striking features
a: no special abilities


You were on level 5 of the Dungeon.
You visited 1 branch of the dungeon, and saw 5 of its levels.

You collected 233 gold pieces.

Inventory:

Hand Weapons
 a - a +0 hand axe
 d - a +0 hunting sling
 n - a +0 war axe (weapon)
Missiles
 e - 101 stones (quivered)
 h - 14 poisoned darts
 i - 4 atropa-tipped darts
Armour
 b - a +0 robe
 c - a +0 ring mail
 j - a +0 pair of gloves
 k - a +0 chain mail (worn)
 l - a +0 scale mail
 q - a +0 helmet (worn)
 u - a +0 pair of gloves (worn)
Jewellery
 f - an amulet of guardian spirit (around neck)
 r - a ring of see invisible (left hand)
 t - a +4 ring of evasion
Scrolls
 m - a scroll of amnesia
 o - 2 scrolls of identify
 p - a scroll of noise {unknown}
 s - a scroll of blinking {unknown}
 x - a scroll of teleportation
Potions
 v - a potion of flight
 w - a potion of berserk rage {unknown}


   Skills:
 + Level 6.1 Fighting
 * Level 7.3 Axes
 + Level 3.5 Armour
 - Level 2.4 Dodging
 - Level 1.5 Stealth


You had 6 spell levels left.
You didn't know any spells.
Your spell library contained the following spells:

 Spells                   Type           Power      Damage    Failure   Level
 Ensorcelled Hibernation  Hex/Ice        0%         N/A       100%        2
 Passwall                 Tmut/Erth      0%         N/A       100%        2
 Swiftness                Air            0%         N/A       100%        3
 Dispersal                Tloc           0%         N/A       100%        6
 Disjunction              Tloc           0%         N/A       100%        8


Dungeon Overview and Level Annotations

Branches:
Dungeon (5/15)             Temple (0/1) D:4

Altars:
Fedhas
Uskayaw

Annotations:
D:4 !Grinder, Grinder


Message History

The gnoll shouts!
You hit the worm but do no damage.
You feel very sick. The worm bites you. The gnoll barely misses you.
You feel sick.
You feel better.
You slash the worm!
The worm is heavily wounded.
The worm barely misses you.
You hit the worm.
The worm is severely wounded.
The gnoll closely misses you.
You slash the worm!
You kill the worm!
The gnoll hits you from afar with a +1 spear of venom.
You are poisoned.
You feel sick.
The gnoll hits you from afar with a +0 halberd!
The gnoll hits you with a +1 spear of venom.
You are more poisoned.
Items here: ) †††.
You hit the gnoll.
The gnoll is moderately wounded.
You feel very sick.
The gnoll hits you from afar with a +0 halberd!
The gnoll hits you with a +1 spear of venom.
You are more poisoned.
You barely miss the gnoll.
The gnoll is moderately wounded.
* * * LOW HITPOINT WARNING * * *
You feel very sick.
The gnoll hits you from afar with a +0 halberd!
* * * LOW HITPOINT WARNING * * *
The gnoll hits you but does no damage.
You are more poisoned.
The gnoll hits you from afar with a +0 halberd!
* * * LOW HITPOINT WARNING * * *
You closely miss the gnoll.
The gnoll is moderately wounded.
You die...

..... ##### ...... #.>..
..... #.... .... #...[
#..# #....
#...#############....
#gg.#...............
#.#@#..........#..#.
#................##.
########.............###.
#......#.#..........###..
#......#.#..........##...
#......#...........###.#.
#....[...####..^.......#.
#......#.# ##...........
#........####............


You could see 2 gnolls.

Vanquished Creatures
  A centaur (D:5)
  A howler monkey (D:5)
  A jelly (D:4)
  A centaur skeleton (D:4)
  A bullfrog skeleton (D:5)
  4 iguanas
  A hound skeleton (D:5)
  Robin (D:4)
  A gnoll (D:5)
  3 adders
  2 worms
  2 dart slugs (D:2)
  5 ball pythons
  8 endoplasms
  2 giant cockroaches (D:1)
  15 goblins
  10 hobgoblins
  4 jackals (D:3)
  9 kobolds
  3 quokkas
  4 bats
  5 frilled lizards
  6 rats
90 creatures vanquished.

Vanquished Creatures (others)
  18 plants (D:1)
18 creatures vanquished.

Grand Total: 108 creatures vanquished

Notes
Turn   | Place    | Note
-------+----------+-------------------------------------------
     0 | D:1      | morgulsword the Hill Orc Monk began the quest for the Orb.
     0 | D:1      | Reached XP level 1. HP: 19/19 MP: 1/1
   182 | D:1      | Reached XP level 2. HP: 27/27 MP: 2/2
   261 | D:1      | Reached skill level 1 in Armour
   444 | D:1      | Found a faded altar of an unknown god.
   548 | D:1      | Reached XP level 3. HP: 34/34 MP: 3/3
  1476 | D:2      | Reached XP level 4. HP: 39/41 MP: 4/4
  1771 | D:2      | Reached skill level 5 in Fighting
  2962 | D:3      | Reached skill level 5 in Axes
  3067 | D:4      | Reached XP level 5. HP: 38/45 MP: 5/5
  3234 | D:4      | Found a hide-covered altar of Uskayaw.
  3332 | D:4      | Noticed Grinder
  3342 | D:4      | Paralysed by Grinder for 4 turns
  3636 | D:4      | Noticed Robin
  3648 | D:4      | Killed Robin
  3919 | D:4      | Reached skill level 6 in Axes
  4004 | D:4      | Found a staircase to the Ecumenical Temple.
  4262 | D:5      | Entered Level 5 of the Dungeon
  4310 | D:5      | Reached XP level 6. HP: 56/56 MP: 6/6
  4715 | D:5      | Found a blossoming altar of Fedhas.
  4821 | D:5      | Reached skill level 7 in Axes
  4960 | D:5      | Reached XP level 7. HP: 63/63 MP: 7/7
  4978 | D:5      | HP: 1/63 [gnoll/+0 halberd (7)]
  4979 | D:5      | Succumbed to a gnoll's poison

Illustrated notes

Levels and vault maps discovered:
D:1:      lightli_arrival_statuegarden, layout_basic,
          shapermc_ecumenical_altar_venn, serial_bayou_lagoon_a
D:2:      layout_rooms, minmay_misc_feat_nine_boxes
D:3:      layout_basic
D:4:      layout_loops_ring, mainiacjoe_overflow_surrounded_room,
          minmay_temple_entry_large_hall, amcnicky_mini_rare_corridor_liquid,
          uniq_robin, uniq_grinder
D:5:      layout_rooms, fedhas_bush_and_centaur_altar

Skill      XL: |  1  2  3  4  5  6 |
---------------+-------------------+-----
Fighting       | 4 5 6 |  6.1
Armour         | 1 2 3 |  3.5
Axes           | 5 6 7 |  7.3
Dodging        | |  2.4
Stealth        | |  1.5

Action                   |  1- 3 |  4- 6 |  7- 9 || total
-------------------------+-------+-------+-------++-------
Melee: Hand axe          |   133 |    65 |       ||   198
       Punch             |     4 |       |       ||     4
       War axe           |       |    84 |    13 ||    97
Throw: Stone             |    16 |   111 |       ||   127
  Use: Potion            |     3 |     2 |     1 ||     6
       Scroll            |     1 |     2 |       ||     3
 Stab: Sleeping          |     1 |       |       ||     1
Armor: Robe              |     2 |       |       ||     2
       Ring mail         |    42 |    14 |       ||    56
       Scale mail        |       |    23 |       ||    23
       Chain mail        |       |    54 |     5 ||    59
Dodge: Dodged            |    69 |    80 |     4 ||   153
